Senateurs vs Jets
Created - 31 janvier 2017 at 23:39
Goals
|
| Senateurs |
0 |
2 |
1 |
3 |
| Jets |
0 |
1 |
3 |
4 |
|
Shots
|
| Senateurs |
7 |
13 |
11 |
31 |
| Jets |
9 |
9 |
20 |
38 |
|
1st period
No Goal
Penalties :
Brenden Morrow (Ott) for Hooking (Minor) at 13:29
2nd period
1. Senateurs , Johan Franzen 15 (Thomas Vanek, Kurtis Foster) at 1:35 (PP)
2. Jets , Dmitri Kalinin 4 (Blake Wheeler, Kari Lehtonen) at 9:38 (PP)
3. Senateurs , George Parros 1 (Vitaly Vishnevsky) at 18:05
Penalties :
Jussi Jokinen (Win) for Hooking (Minor) at 1:22, Marco Scandella (Win) for Tripping (Minor) at 3:25, Arturs Kulda (Ott) for Cross-checking (Minor) at 8:39
3rd period
4. Jets , Dustin Brown 12 (Derek Roy, Dmitri Kalinin) at 4:16
5. Jets , Lee Stempniak 3 (Mikko Koivu) at 11:33
6. Jets , Michael Rupp 12 (Mikko Koivu, Benoit Pouliot) at 12:39
7. Senateurs , Gilbert Brule 19 (Brad Richards, Brenden Morrow) at 18:51 (PP)
Penalties :
Derek Stepan (Win) for Holding (Minor) at 0:21, Blake Wheeler (Win) for Hooking (Minor) at 7:19, Anton Volchenkov (Win) for Hooking (Minor) at 17:43
Goalie Stats
Ondrej Pavelec (Ott), 34 saves from 38 shots - (0,895), L, 14-13-2, 59:01 minutes
Kari Lehtonen (Win), 28 saves from 31 shots - (0,903), W, 12-12-3, 60:00 minutes
Players Stats for Senateurs
Player Name G A P +/- PIM S H SB GA TA FO MP PP MP PK MP
------------------------------------------------------------------------------------
Andrew Ebbett 0 0 0 1 0 0 0 1 0 0 2/2 8:29 0:00 0:44
Andy McDonald 0 0 0 1 0 2 0 0 1 0 0/0 8:22 0:07 0:16
Arturs Kulda 0 0 0 0 2 1 0 2 0 0 0/0 10:56 0:00 0:00
B.J. Crombeen 0 0 0 -1 0 0 1 1 0 0 2/2 17:12 3:08 0:00
Brad Richards 0 1 1 -1 0 0 2 0 0 0 3/9 17:59 3:08 0:40
Brandon Dubinsky 0 0 0 -1 0 0 3 1 0 0 1/3 11:30 0:00 0:00
Brenden Morrow 0 1 1 -1 2 4 2 2 0 0 1/3 17:42 3:08 0:03
Carlo Colaiacovo 0 0 0 -1 0 0 1 3 1 0 0/0 19:23 2:37 1:09
Dan Hamhuis 0 0 0 -1 0 2 2 0 0 0 0/0 28:33 4:41 1:49
Darcy Hordichuk 0 0 0 -1 0 2 0 0 2 0 0/0 11:57 0:07 0:00
George Parros 1 0 1 1 0 2 1 0 0 0 1/1 7:03 0:00 0:00
Gilbert Brule 1 0 1 -1 0 7 0 0 1 0 22/43 23:13 4:10 2:05
Johan Franzen 1 0 1 -1 0 4 3 0 0 1 3/3 20:54 4:03 0:00
Kurtis Foster 0 1 1 -1 0 2 2 0 2 0 0/0 28:40 4:41 1:49
Milan Hejduk 0 0 0 -1 0 1 0 0 0 0 0/0 11:28 0:00 0:00
Thomas Vanek 0 1 1 -1 0 3 1 0 0 0 2/3 22:53 4:03 2:08
Vitaly Vishnevsky 0 1 1 -1 0 1 1 0 2 0 0/0 19:43 2:37 1:09
Vladimir Mihalik 0 0 0 0 0 0 0 0 0 0 0/0 11:03 0:00 0:00
Players Stats for Jets
Player Name G A P +/- PIM S H SB GA TA FO MP PP MP PK MP
------------------------------------------------------------------------------------
Anton Volchenkov 0 0 0 1 2 1 0 1 0 3 0/0 26:37 1:39 2:25
Benoit Pouliot 0 1 1 0 0 3 1 0 0 0 0/0 16:01 1:56 1:09
Blake Wheeler 0 1 1 0 2 1 2 1 0 0 0/1 18:54 1:02 3:34
Derek Roy 0 1 1 1 0 1 1 1 0 1 14/34 20:53 1:56 4:30
Derek Stepan 0 0 0 0 2 0 0 0 0 0 8/19 13:50 1:02 0:00
Dmitri Kalinin 1 1 2 1 0 1 1 3 0 0 0/0 19:51 2:06 1:28
Dustin Brown 1 0 1 1 0 4 1 0 0 0 2/2 18:44 1:56 2:23
Eric Gelinas 0 0 0 0 0 0 0 0 0 0 0/0 5:02 0:00 0:00
Fredrik Sjostrom 0 0 0 0 0 3 2 1 1 0 0/1 10:35 0:00 0:27
Greg Zanon 0 0 0 1 0 0 6 1 0 1 0/0 16:56 0:27 4:21
James Wright 0 0 0 0 0 0 1 1 0 0 4/5 9:39 0:00 0:00
Jimmy Hayes 0 0 0 0 0 2 1 1 0 1 0/0 9:40 0:00 0:00
Jussi Jokinen 0 0 0 1 2 1 1 0 0 0 1/2 14:18 1:02 0:00
Lee Stempniak 1 0 1 1 0 7 0 0 0 0 0/0 13:10 0:00 0:00
Marco Scandella 0 0 0 1 2 2 2 4 0 2 0/0 24:49 0:52 2:01
Michael Rupp 1 0 1 1 0 8 2 0 0 0 1/1 14:29 0:00 1:27
Mikko Koivu 0 2 2 1 0 2 0 0 0 0 2/4 14:09 0:00 1:06
Tyler Myers 0 0 0 0 0 2 1 3 0 1 0/0 25:00 0:52 4:21
3 Stars
1 - Dmitri Kalinin (Win)
2 - Michael Rupp (Win)
3 - Dustin Brown (Win)
Power Play
Senateurs - 2 on 5 Attempt(s) - 40,00%
Jets - 1 on 2 Attempt(s) - 50,00%
Penalty Kill
Senateurs - 1 on 2 Attempt(s) - 50,00%
- Score 0 goal in Penalty Kill
Jets - 3 on 5 Attempt(s) - 60,00%
- Score 0 goal in Penalty Kill
Team Stat
Senateurs - Hits : 19 - Faceoff Wins : 37 - Blocked Shots : 10 - Penalty Minutes : 4
Jets - Hits : 22 - Faceoff Wins : 32 - Blocked Shots : 17 - Penalty Minutes : 10
Official
Referees : Leggo Mike and Martell Rob
Linesman : Mark Shewchyk and David Brisebois
Game Notes
No Game Note
Finance
Level 1 -- Attendance: 5916 (98,60%) -- Ticket Income 443 700 $
Level 2 -- Attendance: 4642 (92,84%) -- Ticket Income 232 100 $
Level 3 -- Attendance: 1978 (98,90%) -- Ticket Income 49 450 $
Level 4 -- Attendance: 3462 (86,55%) -- Ticket Income 62 316 $
Luxury Box -- Attendance: 972 (97,20%) -- Ticket Income 155 520 $
Game was played at the MTS Center.
Total Attendance: 16970 (94,28%)
Total Ticket Income: 943 086 $
Other Income: 141 463 $
Total Income: 1 084 549 $
Senateurs
5 vs 5 Forward
Center Left Wing Right Wing Time % Phy DF OF
1 Gilbert Brule Thomas Vanek Johan Franzen 40 1 2 2
2 Brad Richards Brenden Morrow B.J. Crombeen 30 1 2 2
3 Brandon Dubinsky Darcy Hordichuk Milan Hejduk 20 1 2 2
4 Andrew Ebbett Andy McDonald George Parros 10 1 2 2
5 vs 5 Defense
Defense Defense Time % Phy DF OF
1 Kurtis Foster Dan Hamhuis 40 1 2 2
2 Vitaly Vishnevsky Carlo Colaiacovo 30 1 2 2
3 Arturs Kulda Vladimir Mihalik 20 1 2 2
4 Kurtis Foster Dan Hamhuis 10 1 2 2
PowerPlay Forward
Center Left Wing Right Wing Time % Phy DF OF
1 Gilbert Brule Thomas Vanek Johan Franzen 60 1 1 3
2 Brad Richards Brenden Morrow B.J. Crombeen 40 1 1 3
PowerPlay Defense
Defense Defense Time % Phy DF OF
1 Kurtis Foster Dan Hamhuis 60 1 2 2
2 Vitaly Vishnevsky Carlo Colaiacovo 40 1 2 2
Penalty Kill 4 Players Forward
Center Wing Time % Phy DF OF
1 Gilbert Brule Thomas Vanek 60 0 3 2
2 Brad Richards Brenden Morrow 40 0 3 2
Penalty Kill 4 Players Defense
Defense Defense Time % Phy DF OF
1 Kurtis Foster Dan Hamhuis 60 1 2 2
2 Vitaly Vishnevsky Carlo Colaiacovo 40 1 2 2
Penalty Kill - 3 Players Forward
Forward Time % Phy DF OF
1 Gilbert Brule 60 1 2 2
2 Thomas Vanek 40 1 2 2
Penalty Kill - 3 Players Defense
Defense Defense Time % Phy DF OF
1 Kurtis Foster Dan Hamhuis 60 1 2 2
2 Vitaly Vishnevsky Carlo Colaiacovo 40 1 2 2
4 vs 4 Forward
Center Wing Time % Phy DF OF
1 Gilbert Brule Thomas Vanek 60 1 2 2
2 Brad Richards Brenden Morrow 40 1 2 2
4 vs 4 Defense
Defense Defense Time % Phy DF OF
1 Kurtis Foster Dan Hamhuis 60 1 2 2
2 Vitaly Vishnevsky Carlo Colaiacovo 40 1 2 2
Last Minutes Offensive
Center Left Wing Right Wing Defense Defense
Gilbert Brule Thomas Vanek Johan Franzen Kurtis Foster Dan Hamhuis
Last Minutes Defensive
Center Left Wing Right Wing Defense Defense
Gilbert Brule Thomas Vanek Johan Franzen Kurtis Foster Dan Hamhuis
Goaltenders
Starting : Ondrej Pavelec
Backup : Jonas Gustavsson
Extra Forwards
Normal : Darcy Hordichuk, Andy McDonald, Andrew Ebbett - PP : Darcy Hordichuk, Andy McDonald - PK : Andrew Ebbett
Extra Defensemen
Normal : Arturs Kulda, Vladimir Mihalik, Vitaly Vishnevsky - PP : Arturs Kulda - PK : Vladimir Mihalik, Vitaly Vishnevsky
Penalty Shots
Gilbert Brule, Thomas Vanek, Brad Richards, Brenden Morrow, Johan Franzen
Jets
5 vs 5 Forward
Center Left Wing Right Wing Time % Phy DF OF
1 Derek Roy Jussi Jokinen Dustin Brown 30 0 1 4
2 Derek Stepan Benoit Pouliot Blake Wheeler 30 0 1 4
3 Mikko Koivu Michael Rupp Lee Stempniak 25 0 1 4
4 James Wright Fredrik Sjostrom Jimmy Hayes 15 2 1 2
5 vs 5 Defense
Defense Defense Time % Phy DF OF
1 Anton Volchenkov Tyler Myers 40 2 2 1
2 Dmitri Kalinin Marco Scandella 35 2 2 1
3 Greg Zanon Marco Scandella 25 2 2 1
4 Eric Gelinas Anton Volchenkov 0 1 2 2
PowerPlay Forward
Center Left Wing Right Wing Time % Phy DF OF
1 Derek Roy Benoit Pouliot Dustin Brown 60 0 0 5
2 Derek Stepan Jussi Jokinen Blake Wheeler 40 0 0 5
PowerPlay Defense
Defense Defense Time % Phy DF OF
1 Anton Volchenkov Dmitri Kalinin 60 1 1 3
2 Marco Scandella Tyler Myers 40 1 1 3
Penalty Kill 4 Players Forward
Center Wing Time % Phy DF OF
1 Derek Roy Blake Wheeler 60 1 3 1
2 Dustin Brown Michael Rupp 40 1 3 1
Penalty Kill 4 Players Defense
Defense Defense Time % Phy DF OF
1 Greg Zanon Tyler Myers 60 1 3 1
2 Anton Volchenkov Marco Scandella 40 1 3 1
Penalty Kill - 3 Players Forward
Forward Time % Phy DF OF
1 Blake Wheeler 60 0 4 1
2 Dustin Brown 40 1 3 1
Penalty Kill - 3 Players Defense
Defense Defense Time % Phy DF OF
1 Greg Zanon Tyler Myers 60 1 4 0
2 Marco Scandella Anton Volchenkov 40 1 4 0
4 vs 4 Forward
Center Wing Time % Phy DF OF
1 Derek Roy Benoit Pouliot 60 1 2 2
2 Mikko Koivu Dustin Brown 40 1 2 2
4 vs 4 Defense
Defense Defense Time % Phy DF OF
1 Anton Volchenkov Tyler Myers 60 1 2 2
2 Dmitri Kalinin Marco Scandella 40 1 2 2
Last Minutes Offensive
Center Left Wing Right Wing Defense Defense
Derek Roy Benoit Pouliot Dustin Brown Dmitri Kalinin Anton Volchenkov
Last Minutes Defensive
Center Left Wing Right Wing Defense Defense
Derek Roy Blake Wheeler Dustin Brown Dmitri Kalinin Anton Volchenkov
Goaltenders
Starting : Kari Lehtonen
Backup : Jacob Markstrom
Extra Forwards
Normal : Derek Roy, Dustin Brown, Benoit Pouliot - PP : Derek Roy, Dustin Brown - PK : Dustin Brown
Extra Defensemen
Normal : Anton Volchenkov, Marco Scandella, Tyler Myers - PP : Anton Volchenkov - PK : Marco Scandella, Anton Volchenkov
Penalty Shots
Derek Roy, Dustin Brown, Benoit Pouliot, Blake Wheeler, Jussi Jokinen
% Time on Ice - Senateurs
Lines # - Real PCT - Wanted PCT - Time Play
Normal Forward
1 - 36% - 40% - 17:38
2 - 29% - 30% - 13:52
3 - 23% - 20% - 11:02
4 - 12% - 10% - 6:04
Normal Defense
1 - 40% - 40% - 19:33
2 - 34% - 30% - 16:39
3 - 21% - 20% - 10:19
4 - 4% - 10% - 2:05
PP Forward
1 - 57% - 60% - 4:10
2 - 43% - 40% - 3:08
PP Defense
1 - 64% - 60% - 4:41
2 - 36% - 40% - 2:37
PK Forward
1 - 78% - 60% - 2:18
2 - 22% - 40% - 0:40
PK Defense
1 - 61% - 60% - 1:49
2 - 39% - 40% - 1:09
PK3 Forward
1 - 0% - 60%
2 - 0% - 40%
PK3 Defense
1 - 0% - 60%
2 - 0% - 40%
44 Forward
1 - 0% - 60%
2 - 0% - 40%
44 Defense
1 - 0% - 60%
2 - 0% - 40%
Last Minute Offensive - 1:08
Last Minute Defensive - 0:00
Total
Forward - 60:00
Defense - 60:00
|
% Time on Ice - Jets
Lines # - Real PCT - Wanted PCT - Time Play
Normal Forward
1 - 28% - 30% - 13:38
2 - 27% - 30% - 13:20
3 - 26% - 25% - 12:45
4 - 18% - 15% - 8:53
Normal Defense
1 - 39% - 40% - 19:05
2 - 32% - 35% - 15:26
3 - 21% - 25% - 10:02
4 - 8% - 0% - 4:03
PP Forward
1 - 65% - 60% - 1:56
2 - 35% - 40% - 1:02
PP Defense
1 - 71% - 60% - 2:06
2 - 29% - 40% - 0:52
PK Forward
1 - 80% - 60% - 5:51
2 - 20% - 40% - 1:27
PK Defense
1 - 60% - 60% - 4:21
2 - 40% - 40% - 2:57
PK3 Forward
1 - 0% - 60%
2 - 0% - 40%
PK3 Defense
1 - 0% - 60%
2 - 0% - 40%
44 Forward
1 - 0% - 60%
2 - 0% - 40%
44 Defense
1 - 0% - 60%
2 - 0% - 40%
Last Minute Offensive - 0:00
Last Minute Defensive - 1:08
Total
Forward - 60:00
Defense - 60:00
|
Play by Play
1st period
0:01 of 1st period - Gilbert Brule wins face-off versus Derek Roy in neutral zone.
0:31 of 1st period - Off-side.
0:32 of 1st period - Derek Stepan wins face-off versus Brenden Morrow in neutral zone.
0:58 of 1st period - Brandon Dubinsky is hit by Dmitri Kalinin.
1:40 of 1st period - Wrist shot by Blake Wheeler.
1:40 of 1st period - Shot Misses the Net.
1:42 of 1st period - Snap shot by Blake Wheeler.
1:42 of 1st period - Stopped by Ondrej Pavelec without a rebound.
1:43 of 1st period - Gilbert Brule wins face-off versus Derek Stepan in Senateurs zone.
1:48 of 1st period - Slapshot by Kurtis Foster.
1:48 of 1st period - Stopped by Kari Lehtonen without a rebound.
1:49 of 1st period - Michael Rupp wins face-off versus Gilbert Brule in Jets zone.
1:58 of 1st period - Wrist shot by Gilbert Brule.
1:58 of 1st period - Stopped by Kari Lehtonen without a rebound.
1:59 of 1st period - Brenden Morrow wins face-off versus Mikko Koivu in Jets zone.
2:14 of 1st period - Slapshot by Michael Rupp.
2:14 of 1st period - Stopped by Ondrej Pavelec with a rebound.
2:16 of 1st period - Wrist shot by Michael Rupp.
2:16 of 1st period - Stopped by Ondrej Pavelec with a rebound.
2:18 of 1st period - Wrist shot by Lee Stempniak.
2:18 of 1st period - Stopped by Ondrej Pavelec with a rebound.
3:05 of 1st period - Slapshot by Michael Rupp.
3:05 of 1st period - Shot Misses the Net.
4:09 of 1st period - Snap shot by Brenden Morrow.
4:09 of 1st period - Stopped by Kari Lehtonen with a rebound.
4:50 of 1st period - Slapshot by Michael Rupp.
4:50 of 1st period - Stopped by Ondrej Pavelec with a rebound.
4:52 of 1st period - Slapshot by Greg Zanon.
4:52 of 1st period - Shot Misses the Net.
4:54 of 1st period - Slapshot by Marco Scandella.
4:54 of 1st period - Stopped by Ondrej Pavelec without a rebound.
4:55 of 1st period - Gilbert Brule wins face-off versus Derek Roy in Senateurs zone.
5:04 of 1st period - Wrist shot by Gilbert Brule.
5:04 of 1st period - Shot Misses the Net.
5:06 of 1st period - Snap shot by Carlo Colaiacovo.
5:06 of 1st period - Shot Misses the Net.
5:20 of 1st period - Tyler Myers is hit by Brandon Dubinsky and loses puck.
6:02 of 1st period - Slapshot by Jussi Jokinen.
6:02 of 1st period - Stopped by Ondrej Pavelec with a rebound.
6:47 of 1st period - Snap shot by Darcy Hordichuk.
6:47 of 1st period - Stopped by Kari Lehtonen with a rebound.
6:53 of 1st period - Milan Hejduk is hit by Dustin Brown and loses puck.
7:04 of 1st period - Slapshot by Thomas Vanek.
7:04 of 1st period - Shot Misses the Net.
7:21 of 1st period - Derek Roy is hit by George Parros and loses puck.
12:53 of 1st period - Icing by Jussi Jokinen.
12:54 of 1st period - Brad Richards wins face-off versus Derek Stepan in Jets zone.
13:13 of 1st period - Icing by Arturs Kulda.
13:14 of 1st period - James Wright wins face-off versus Gilbert Brule in Senateurs zone.
13:15 of 1st period - Snap shot by Fredrik Sjostrom.
13:15 of 1st period - Stopped by Ondrej Pavelec without a rebound.
13:16 of 1st period - Brad Richards wins face-off versus Fredrik Sjostrom in Senateurs zone.
13:16 of 1st period - Brad Richards is hit by James Wright.
13:29 of 1st period - Minor Penalty to Brenden Morrow for Hooking.
13:30 of 1st period - Derek Roy wins face-off versus Gilbert Brule in Senateurs zone.
14:04 of 1st period - Wrist shot by Dustin Brown.
14:04 of 1st period - Stopped by Ondrej Pavelec without a rebound.
14:05 of 1st period - Gilbert Brule wins face-off versus Blake Wheeler in Senateurs zone.
14:05 of 1st period - Gilbert Brule is hit by Blake Wheeler.
15:29 of 1st period - Penalty to Brenden Morrow is over, Brenden Morrow is back on ice.
15:33 of 1st period - Dan Hamhuis is hit by Fredrik Sjostrom and loses puck.
16:42 of 1st period - Anton Volchenkov is hit by B.J. Crombeen and loses puck.
17:12 of 1st period - Snap shot by Mikko Koivu.
17:12 of 1st period - Shot Misses the Net.
17:38 of 1st period - Snap shot by Darcy Hordichuk.
17:38 of 1st period - Stopped by Kari Lehtonen without a rebound.
17:39 of 1st period - Brandon Dubinsky wins face-off versus Derek Stepan in Jets zone.
17:44 of 1st period - Wrist shot by Milan Hejduk.
17:44 of 1st period - Stopped by Kari Lehtonen without a rebound.
17:45 of 1st period - Gilbert Brule wins face-off versus Derek Roy in Jets zone.
17:46 of 1st period - Wrist shot by Johan Franzen.
17:46 of 1st period - Stopped by Kari Lehtonen without a rebound.
17:47 of 1st period - Derek Roy wins face-off versus Gilbert Brule in Jets zone.
17:53 of 1st period - Dustin Brown is hit by Johan Franzen and loses puck.
18:35 of 1st period - Anton Volchenkov is hit by Brandon Dubinsky.
19:09 of 1st period - Icing by Vladimir Mihalik.
19:10 of 1st period - Andrew Ebbett wins face-off versus Derek Roy in Senateurs zone.
19:25 of 1st period - Wrist shot by Jussi Jokinen.
19:25 of 1st period - Deflect By Derek Roy.
19:25 of 1st period - Shot Misses the Net.
19:25 of 1st period - Puck is out of play.
19:26 of 1st period - Derek Stepan wins face-off versus Brad Richards in Senateurs zone.
19:44 of 1st period - Icing by Benoit Pouliot.
19:45 of 1st period - Johan Franzen wins face-off versus Derek Stepan in Jets zone.
Goals for this period are 0 for Senateurs vs 0 for Jets.
Shots for this period are 7 for Senateurs vs 9 for Jets.
2nd period
0:01 of 2nd period - Gilbert Brule wins face-off versus Derek Roy in neutral zone.
0:12 of 2nd period - Slapshot by Kurtis Foster.
0:12 of 2nd period - Shot Blocked by Tyler Myers.
0:14 of 2nd period - Snap shot by Johan Franzen.
0:14 of 2nd period - Stopped by Kari Lehtonen with a rebound.
0:26 of 2nd period - Brenden Morrow is hit by Tyler Myers and loses puck.
1:10 of 2nd period - Snap shot by Vitaly Vishnevsky.
1:10 of 2nd period - Shot Blocked by Jimmy Hayes.
1:12 of 2nd period - Slapshot by Andrew Ebbett.
1:12 of 2nd period - Shot Misses the Net.
1:14 of 2nd period - Wrist shot by Andy McDonald.
1:14 of 2nd period - Stopped by Kari Lehtonen with a rebound.
1:16 of 2nd period - Slapshot by Vitaly Vishnevsky.
1:16 of 2nd period - Shot Blocked by Dmitri Kalinin.
1:18 of 2nd period - Slapshot by Vitaly Vishnevsky.
1:18 of 2nd period - Deflect By George Parros.
1:18 of 2nd period - Shot Blocked by Marco Scandella.
1:18 of 2nd period - Puck is out of play.
1:19 of 2nd period - Derek Roy wins face-off versus Gilbert Brule in Jets zone.
1:19 of 2nd period - Derek Roy is hit by Kurtis Foster.
1:22 of 2nd period - Minor Penalty to Jussi Jokinen for Hooking.
1:23 of 2nd period - Gilbert Brule wins face-off versus Derek Roy in Jets zone.
1:23 of 2nd period - Snap shot by Thomas Vanek.
1:23 of 2nd period - Stopped by Kari Lehtonen without a rebound.
1:24 of 2nd period - Derek Roy wins face-off versus Gilbert Brule in Jets zone.
1:35 of 2nd period - Snap shot by Johan Franzen.
1:35 of 2nd period - Goal by Johan Franzen - Senateurs : 1 - Jets : 0.
1:36 of 2nd period - Johan Franzen wins face-off versus Derek Roy in neutral zone.
2:06 of 2nd period - Michael Rupp is hit by Thomas Vanek and loses puck.
2:15 of 2nd period - Snap shot by Thomas Vanek.
2:15 of 2nd period - Shot Misses the Net.
2:31 of 2nd period - Snap shot by Johan Franzen.
2:31 of 2nd period - Stopped by Kari Lehtonen without a rebound.
2:32 of 2nd period - Derek Stepan wins face-off versus Brad Richards in Jets zone.
2:45 of 2nd period - Snap shot by Brenden Morrow.
2:45 of 2nd period - Shot Misses the Net.
2:59 of 2nd period - Milan Hejduk is hit by Marco Scandella and loses puck.
3:25 of 2nd period - Minor Penalty to Marco Scandella for Tripping.
3:26 of 2nd period - Gilbert Brule wins face-off versus Derek Roy in Jets zone.
4:36 of 2nd period - Wrist shot by Mikko Koivu.
4:36 of 2nd period - Stopped by Ondrej Pavelec without a rebound.
4:37 of 2nd period - Derek Roy wins face-off versus Thomas Vanek in Senateurs zone.
4:53 of 2nd period - Tyler Myers is hit by Kurtis Foster and loses puck.
5:04 of 2nd period - Blake Wheeler is hit by Johan Franzen and loses puck.
5:25 of 2nd period - Penalty to Marco Scandella is over, Marco Scandella is back on ice.
5:39 of 2nd period - Wrist shot by Michael Rupp.
5:39 of 2nd period - Stopped by Ondrej Pavelec without a rebound.
5:40 of 2nd period - James Wright wins face-off versus Brandon Dubinsky in Senateurs zone.
5:51 of 2nd period - Backhand shot by Darcy Hordichuk.
5:51 of 2nd period - Shot Blocked by Fredrik Sjostrom.
5:53 of 2nd period - Slapshot by Vladimir Mihalik.
5:53 of 2nd period - Shot Misses the Net.
5:55 of 2nd period - Wrist shot by Milan Hejduk.
5:55 of 2nd period - Shot Misses the Net.
6:14 of 2nd period - Wrist shot by Michael Rupp.
6:14 of 2nd period - Shot Blocked by Brenden Morrow.
6:30 of 2nd period - Snap shot by Gilbert Brule.
6:30 of 2nd period - Shot Misses the Net.
6:32 of 2nd period - Slapshot by Kurtis Foster.
6:32 of 2nd period - Deflect By Gilbert Brule.
6:32 of 2nd period - Stopped by Kari Lehtonen without a rebound.
6:33 of 2nd period - Gilbert Brule wins face-off versus Derek Stepan in Jets zone.
6:34 of 2nd period - Snap shot by Thomas Vanek.
6:34 of 2nd period - Shot Misses the Net.
8:39 of 2nd period - Minor Penalty to Arturs Kulda for Cross-checking.
8:40 of 2nd period - Dustin Brown wins face-off versus Gilbert Brule in Senateurs zone.
9:02 of 2nd period - Icing by Dmitri Kalinin.
9:03 of 2nd period - Gilbert Brule wins face-off versus Derek Roy in Jets zone.
9:06 of 2nd period - Snap shot by Thomas Vanek.
9:06 of 2nd period - Stopped by Kari Lehtonen without a rebound.
9:07 of 2nd period - Derek Roy wins face-off versus Gilbert Brule in Jets zone.
9:38 of 2nd period - Snap shot by Dmitri Kalinin.
9:38 of 2nd period - Goal by Dmitri Kalinin - Senateurs : 1 - Jets : 1.
9:39 of 2nd period - Johan Franzen wins face-off versus Jussi Jokinen in neutral zone.
9:42 of 2nd period - Snap shot by Thomas Vanek.
9:42 of 2nd period - Shot Blocked by Derek Roy.
9:44 of 2nd period - Backhand shot by Kurtis Foster.
9:44 of 2nd period - Shot Blocked by Marco Scandella.
10:04 of 2nd period - Derek Stepan is hit by Brad Richards and loses puck.
10:29 of 2nd period - Vitaly Vishnevsky is hit by Greg Zanon and loses puck.
11:20 of 2nd period - Slapshot by Tyler Myers.
11:20 of 2nd period - Stopped by Ondrej Pavelec without a rebound.
11:21 of 2nd period - Gilbert Brule wins face-off versus Derek Roy in Senateurs zone.
11:32 of 2nd period - Wrist shot by Gilbert Brule.
11:32 of 2nd period - Shot Misses the Net.
11:34 of 2nd period - Slapshot by Dan Hamhuis.
11:34 of 2nd period - Deflect By Jussi Jokinen.
11:34 of 2nd period - Stopped by Kari Lehtonen with a rebound.
11:36 of 2nd period - Wrist shot by Gilbert Brule.
11:36 of 2nd period - Stopped by Kari Lehtonen without a rebound.
11:37 of 2nd period - Derek Stepan wins face-off versus Brad Richards in Jets zone.
12:51 of 2nd period - Kurtis Foster is hit by Jimmy Hayes and loses puck.
13:12 of 2nd period - Snap shot by Brad Richards.
13:12 of 2nd period - Shot Blocked by Anton Volchenkov.
13:14 of 2nd period - Slapshot by Brenden Morrow.
13:14 of 2nd period - Stopped by Kari Lehtonen without a rebound.
13:15 of 2nd period - Jussi Jokinen wins face-off versus Brenden Morrow in Jets zone.
13:15 of 2nd period - Jussi Jokinen is hit by Brenden Morrow.
13:31 of 2nd period - Snap shot by Dustin Brown.
13:31 of 2nd period - Shot Misses the Net.
14:12 of 2nd period - Wrist shot by Mikko Koivu.
14:12 of 2nd period - Shot Blocked by Arturs Kulda.
14:20 of 2nd period - Arturs Kulda is hit by Michael Rupp and loses puck.
14:35 of 2nd period - Slapshot by Arturs Kulda.
14:35 of 2nd period - Stopped by Kari Lehtonen without a rebound.
14:36 of 2nd period - Andrew Ebbett wins face-off versus Derek Roy in Jets zone.
14:49 of 2nd period - Snap shot by Dustin Brown.
14:49 of 2nd period - Stopped by Ondrej Pavelec without a rebound.
14:50 of 2nd period - Derek Stepan wins face-off versus Gilbert Brule in Senateurs zone.
14:57 of 2nd period - Snap shot by Benoit Pouliot.
14:57 of 2nd period - Stopped by Ondrej Pavelec without a rebound.
14:58 of 2nd period - Derek Stepan wins face-off versus Gilbert Brule in Senateurs zone.
15:23 of 2nd period - Brenden Morrow is hit by Derek Roy and loses puck.
15:46 of 2nd period - Wrist shot by Lee Stempniak.
15:46 of 2nd period - Deflect By Michael Rupp.
15:46 of 2nd period - Shot Misses the Net.
15:46 of 2nd period - Puck is out of play.
15:47 of 2nd period - Gilbert Brule wins face-off versus Mikko Koivu in Senateurs zone.
15:59 of 2nd period - Carlo Colaiacovo is hit by Michael Rupp and loses puck.
16:12 of 2nd period - Lee Stempniak is hit by Brenden Morrow and loses puck.
16:21 of 2nd period - Backhand shot by Vitaly Vishnevsky.
16:21 of 2nd period - Stopped by Kari Lehtonen with a rebound.
16:37 of 2nd period - Milan Hejduk is hit by Greg Zanon.
18:05 of 2nd period - Slapshot by George Parros.
18:05 of 2nd period - Goal by George Parros - Senateurs : 2 - Jets : 1.
18:06 of 2nd period - Gilbert Brule wins face-off versus Derek Roy in neutral zone.
18:31 of 2nd period - Brad Richards is hit by Marco Scandella and loses puck.
18:37 of 2nd period - Off-side.
18:38 of 2nd period - Derek Stepan wins face-off versus Gilbert Brule in neutral zone.
18:41 of 2nd period - Snap shot by Benoit Pouliot.
18:41 of 2nd period - Stopped by Ondrej Pavelec without a rebound.
18:42 of 2nd period - Gilbert Brule wins face-off versus Derek Stepan in Senateurs zone.
19:13 of 2nd period - Snap shot by Derek Roy.
19:13 of 2nd period - Shot Misses the Net.
19:15 of 2nd period - Snap shot by Dustin Brown.
19:15 of 2nd period - Shot Blocked by Carlo Colaiacovo.
19:17 of 2nd period - Slapshot by Anton Volchenkov.
19:17 of 2nd period - Stopped by Ondrej Pavelec with a rebound.
19:29 of 2nd period - B.J. Crombeen is hit by Fredrik Sjostrom and loses puck.
19:34 of 2nd period - Snap shot by Jimmy Hayes.
19:34 of 2nd period - Deflect By B.J. Crombeen.
19:34 of 2nd period - Stopped by Ondrej Pavelec without a rebound.
19:35 of 2nd period - James Wright wins face-off versus Gilbert Brule in Senateurs zone.
Goals for this period are 2 for Senateurs vs 1 for Jets.
Shots for this period are 13 for Senateurs vs 9 for Jets.
3rd period
0:01 of 3rd period - Derek Roy wins face-off versus Gilbert Brule in neutral zone.
0:16 of 3rd period - Slapshot by Thomas Vanek.
0:16 of 3rd period - Deflect By Gilbert Brule.
0:16 of 3rd period - Shot Misses the Net.
0:16 of 3rd period - Puck is out of play.
0:17 of 3rd period - B.J. Crombeen wins face-off versus Derek Stepan in Jets zone.
0:21 of 3rd period - Minor Penalty to Derek Stepan for Holding.
0:22 of 3rd period - Gilbert Brule wins face-off versus Derek Roy in Jets zone.
0:30 of 3rd period - Slapshot by Gilbert Brule.
0:30 of 3rd period - Shot Misses the Net.
0:32 of 3rd period - Slapshot by Kurtis Foster.
0:32 of 3rd period - Stopped by Kari Lehtonen without a rebound.
0:33 of 3rd period - Derek Roy wins face-off versus Gilbert Brule in Jets zone.
1:15 of 3rd period - Snap shot by Thomas Vanek.
1:15 of 3rd period - Shot Misses the Net.
1:17 of 3rd period - Wrist shot by Gilbert Brule.
1:17 of 3rd period - Stopped by Kari Lehtonen without a rebound.
1:18 of 3rd period - Derek Roy wins face-off versus Brad Richards in Jets zone.
1:59 of 3rd period - Kurtis Foster is hit by Greg Zanon and loses puck.
2:21 of 3rd period - Penalty to Derek Stepan is over, Derek Stepan is back on ice.
2:39 of 3rd period - Wrist shot by Lee Stempniak.
2:39 of 3rd period - Shot Misses the Net.
2:41 of 3rd period - Snap shot by Tyler Myers.
2:41 of 3rd period - Deflect By Michael Rupp.
2:41 of 3rd period - Stopped by Ondrej Pavelec with a rebound.
2:51 of 3rd period - Milan Hejduk is hit by Greg Zanon and loses puck.
3:02 of 3rd period - Snap shot by George Parros.
3:02 of 3rd period - Stopped by Kari Lehtonen with a rebound.
3:04 of 3rd period - Slapshot by Andy McDonald.
3:04 of 3rd period - Stopped by Kari Lehtonen without a rebound.
3:05 of 3rd period - George Parros wins face-off versus James Wright in Jets zone.
3:06 of 3rd period - Snap shot by Andrew Ebbett.
3:06 of 3rd period - Shot Blocked by James Wright.
3:25 of 3rd period - Slapshot by Dmitri Kalinin.
3:25 of 3rd period - Shot Misses the Net.
3:27 of 3rd period - Wrist shot by Fredrik Sjostrom.
3:27 of 3rd period - Stopped by Ondrej Pavelec with a rebound.
3:29 of 3rd period - Slapshot by Marco Scandella.
3:29 of 3rd period - Shot Blocked by Carlo Colaiacovo.
3:31 of 3rd period - Snap shot by Jimmy Hayes.
3:31 of 3rd period - Deflect By Fredrik Sjostrom.
3:31 of 3rd period - Stopped by Ondrej Pavelec without a rebound.
3:32 of 3rd period - Gilbert Brule wins face-off versus Derek Stepan in Senateurs zone.
4:01 of 3rd period - Anton Volchenkov is hit by Dan Hamhuis and loses puck.
4:06 of 3rd period - Wrist shot by Brenden Morrow.
4:06 of 3rd period - Stopped by Kari Lehtonen without a rebound.
4:07 of 3rd period - B.J. Crombeen wins face-off versus Derek Roy in Jets zone.
4:14 of 3rd period - Snap shot by Derek Roy.
4:14 of 3rd period - Deflect By Dustin Brown.
4:14 of 3rd period - Stopped by Ondrej Pavelec with a rebound.
4:16 of 3rd period - Snap shot by Dustin Brown.
4:16 of 3rd period - Goal by Dustin Brown - Senateurs : 2 - Jets : 2.
4:17 of 3rd period - Thomas Vanek wins face-off versus Derek Stepan in neutral zone.
4:20 of 3rd period - Slapshot by Dan Hamhuis.
4:20 of 3rd period - Stopped by Kari Lehtonen with a rebound.
4:22 of 3rd period - Snap shot by Thomas Vanek.
4:22 of 3rd period - Shot Blocked by Marco Scandella.
4:24 of 3rd period - Snap shot by Gilbert Brule.
4:24 of 3rd period - Shot Blocked by Dmitri Kalinin.
4:26 of 3rd period - Slapshot by Dan Hamhuis.
4:26 of 3rd period - Shot Blocked by Blake Wheeler.
4:28 of 3rd period - Wrist shot by Johan Franzen.
4:28 of 3rd period - Shot Blocked by Marco Scandella.
4:30 of 3rd period - Wrist shot by Gilbert Brule.
4:30 of 3rd period - Stopped by Kari Lehtonen without a rebound.
4:31 of 3rd period - Thomas Vanek wins face-off versus Derek Roy in Jets zone.
4:42 of 3rd period - Slapshot by Gilbert Brule.
4:42 of 3rd period - Shot Misses the Net.
5:07 of 3rd period - Slapshot by Thomas Vanek.
5:07 of 3rd period - Shot Misses the Net.
6:32 of 3rd period - Marco Scandella is hit by Dan Hamhuis and loses puck.
6:55 of 3rd period - Off-side.
6:56 of 3rd period - Derek Stepan wins face-off versus Brad Richards in neutral zone.
7:03 of 3rd period - Snap shot by Benoit Pouliot.
7:03 of 3rd period - Stopped by Ondrej Pavelec without a rebound.
7:04 of 3rd period - Brad Richards wins face-off versus Derek Stepan in Senateurs zone.
7:04 of 3rd period - Brad Richards is hit by Blake Wheeler.
7:19 of 3rd period - Minor Penalty to Blake Wheeler for Hooking.
7:20 of 3rd period - Derek Roy wins face-off versus Gilbert Brule in Jets zone.
7:29 of 3rd period - Tyler Myers is hit by Johan Franzen and loses puck.
8:02 of 3rd period - Mikko Koivu is hit by Brad Richards and loses puck.
8:23 of 3rd period - Benoit Pouliot is hit by Vitaly Vishnevsky and loses puck.
8:40 of 3rd period - Vitaly Vishnevsky is hit by Greg Zanon and loses puck.
9:19 of 3rd period - Penalty to Blake Wheeler is over, Blake Wheeler is back on ice.
9:45 of 3rd period - Jussi Jokinen is hit by Carlo Colaiacovo and loses puck.
10:06 of 3rd period - Slapshot by Dmitri Kalinin.
10:06 of 3rd period - Shot Blocked by Andrew Ebbett.
10:54 of 3rd period - James Wright is hit by Brandon Dubinsky and loses puck.
11:13 of 3rd period - Snap shot by Benoit Pouliot.
11:13 of 3rd period - Shot Misses the Net.
11:27 of 3rd period - Wrist shot by Derek Roy.
11:27 of 3rd period - Stopped by Ondrej Pavelec without a rebound.
11:28 of 3rd period - Mikko Koivu wins face-off versus Gilbert Brule in Senateurs zone.
11:29 of 3rd period - Slapshot by Lee Stempniak.
11:29 of 3rd period - Stopped by Ondrej Pavelec with a rebound.
11:31 of 3rd period - Wrist shot by Lee Stempniak.
11:31 of 3rd period - Shot Misses the Net.
11:33 of 3rd period - Snap shot by Lee Stempniak.
11:33 of 3rd period - Goal by Lee Stempniak - Senateurs : 2 - Jets : 3.
11:34 of 3rd period - Gilbert Brule wins face-off versus Derek Roy in neutral zone.
11:39 of 3rd period - Slapshot by Gilbert Brule.
11:39 of 3rd period - Shot Misses the Net.
11:41 of 3rd period - Snap shot by Johan Franzen.
11:41 of 3rd period - Deflect By Thomas Vanek.
11:41 of 3rd period - Shot Blocked by Tyler Myers.
11:41 of 3rd period - Puck is out of play.
11:42 of 3rd period - Dustin Brown wins face-off versus Gilbert Brule in Jets zone.
11:44 of 3rd period - Icing by Derek Roy.
11:45 of 3rd period - Gilbert Brule wins face-off versus Derek Roy in Jets zone.
12:39 of 3rd period - Snap shot by Michael Rupp.
12:39 of 3rd period - Goal by Michael Rupp - Senateurs : 2 - Jets : 4.
12:40 of 3rd period - Derek Roy wins face-off versus Gilbert Brule in neutral zone.
13:09 of 3rd period - Kurtis Foster is hit by Benoit Pouliot and loses puck.
13:57 of 3rd period - Snap shot by Marco Scandella.
13:57 of 3rd period - Shot Blocked by Arturs Kulda.
14:03 of 3rd period - Snap shot by Michael Rupp.
14:03 of 3rd period - Shot Misses the Net.
14:05 of 3rd period - Snap shot by Marco Scandella.
14:05 of 3rd period - Stopped by Ondrej Pavelec without a rebound.
14:06 of 3rd period - Gilbert Brule wins face-off versus Derek Roy in Senateurs zone.
14:10 of 3rd period - Off-side.
14:11 of 3rd period - Gilbert Brule wins face-off versus Derek Roy in neutral zone.
14:18 of 3rd period - Wrist shot by Gilbert Brule.
14:18 of 3rd period - Stopped by Kari Lehtonen without a rebound.
14:19 of 3rd period - Gilbert Brule wins face-off versus Derek Stepan in Jets zone.
14:53 of 3rd period - Brad Richards is hit by Jussi Jokinen and loses puck.
15:08 of 3rd period - Slapshot by Brenden Morrow.
15:08 of 3rd period - Stopped by Kari Lehtonen without a rebound.
15:09 of 3rd period - Mikko Koivu wins face-off versus Brandon Dubinsky in Jets zone.
15:22 of 3rd period - Wrist shot by Michael Rupp.
15:22 of 3rd period - Stopped by Ondrej Pavelec with a rebound.
15:24 of 3rd period - Slapshot by Mikko Koivu.
15:24 of 3rd period - Shot Misses the Net.
15:44 of 3rd period - Wrist shot by Lee Stempniak.
15:44 of 3rd period - Stopped by Ondrej Pavelec with a rebound.
15:46 of 3rd period - Slapshot by Greg Zanon.
15:46 of 3rd period - Shot Misses the Net.
15:56 of 3rd period - Wrist shot by Michael Rupp.
15:56 of 3rd period - Shot Blocked by Brandon Dubinsky.
15:58 of 3rd period - Snap shot by Lee Stempniak.
15:58 of 3rd period - Stopped by Ondrej Pavelec with a rebound.
16:00 of 3rd period - Slapshot by Mikko Koivu.
16:00 of 3rd period - Shot Misses the Net.
16:02 of 3rd period - Wrist shot by Lee Stempniak.
16:02 of 3rd period - Stopped by Ondrej Pavelec with a rebound.
16:06 of 3rd period - Wrist shot by Mikko Koivu.
16:06 of 3rd period - Stopped by Ondrej Pavelec with a rebound.
16:14 of 3rd period - Wrist shot by Mikko Koivu.
16:14 of 3rd period - Shot Misses the Net.
16:16 of 3rd period - Snap shot by Michael Rupp.
16:16 of 3rd period - Deflect By Lee Stempniak.
16:16 of 3rd period - Stopped by Ondrej Pavelec with a rebound.
16:30 of 3rd period - Snap shot by Michael Rupp.
16:30 of 3rd period - Stopped by Ondrej Pavelec with a rebound.
16:32 of 3rd period - Wrist shot by Lee Stempniak.
16:32 of 3rd period - Shot Blocked by Carlo Colaiacovo.
16:34 of 3rd period - Wrist shot by Anton Volchenkov.
16:34 of 3rd period - Deflect By Mikko Koivu.
16:34 of 3rd period - Shot Misses the Net.
16:34 of 3rd period - Puck is out of play.
16:35 of 3rd period - Derek Roy wins face-off versus Gilbert Brule in Senateurs zone.
16:54 of 3rd period - Johan Franzen is hit by Greg Zanon.
17:05 of 3rd period - Off-side.
17:06 of 3rd period - James Wright wins face-off versus Brad Richards in neutral zone.
17:15 of 3rd period - Slapshot by Jimmy Hayes.
17:15 of 3rd period - Stopped by Ondrej Pavelec with a rebound.
17:17 of 3rd period - Slapshot by Tyler Myers.
17:17 of 3rd period - Shot Blocked by B.J. Crombeen.
17:19 of 3rd period - Snap shot by Fredrik Sjostrom.
17:19 of 3rd period - Shot Blocked by Brenden Morrow.
17:21 of 3rd period - Slapshot by Tyler Myers.
17:21 of 3rd period - Stopped by Ondrej Pavelec with a rebound.
17:43 of 3rd period - Minor Penalty to Anton Volchenkov for Hooking.
17:44 of 3rd period - Derek Roy wins face-off versus Gilbert Brule in Jets zone.
17:58 of 3rd period - Wrist shot by Gilbert Brule.
17:58 of 3rd period - Shot Blocked by Tyler Myers.
18:00 of 3rd period - Snap shot by Gilbert Brule.
18:00 of 3rd period - Shot Blocked by Greg Zanon.
18:51 of 3rd period - Snap shot by Gilbert Brule.
18:51 of 3rd period - Goal by Gilbert Brule - Senateurs : 3 - Jets : 4.
18:52 of 3rd period - Derek Roy wins face-off versus Gilbert Brule in neutral zone.
19:01 of 3rd period - Senateurs, Ondrej Pavelec is pulled from the net.
19:27 of 3rd period - Slapshot by Johan Franzen.
19:27 of 3rd period - Shot Blocked by Dmitri Kalinin.
19:29 of 3rd period - Wrist shot by Thomas Vanek.
19:29 of 3rd period - Stopped by Kari Lehtonen without a rebound.
19:30 of 3rd period - Larry Robinson call a timeout for Senateurs.
19:30 of 3rd period - Gilbert Brule wins face-off versus Derek Roy in Jets zone.
19:35 of 3rd period - Snap shot by Thomas Vanek.
19:35 of 3rd period - Shot Misses the Net.
19:45 of 3rd period - Snap shot by Gilbert Brule.
19:45 of 3rd period - Shot Misses the Net.
19:47 of 3rd period - Slapshot by Kurtis Foster.
19:47 of 3rd period - Shot Misses the Net.
19:49 of 3rd period - Wrist shot by Johan Franzen.
19:49 of 3rd period - Shot Misses the Net.
Goals for this period are 1 for Senateurs vs 3 for Jets.
Shots for this period are 11 for Senateurs vs 20 for Jets.
Back to the Top